 Dungeon Crawl Stone Soup version 0.25.1-2-g60ff931df9 (webtiles) character file.

Game seed: 17360016388653505974

29 Ashen the Conjurer (level 3, 0/28 HPs)
             Began as a Draconian Conjurer on Sept 15, 2020.
             Succumbed to a worker ant's poison
             ... on level 2 of the Dungeon.
             The game lasted 00:03:07 (1183 turns).

Ashen the Conjurer (Draconian Conjurer)             Turns: 1183, Time: 00:03:07

Health: 0/28       AC:  5    Str:  8 (10) XL:     3   Next: 1%
Magic:  0/6        EV: 12    Int: 13 (16) God:
Gold:   90         SH:  0    Dex:  9 (11) Spells: 5/6 levels left

rFire    . . .     SeeInvis .   (no weapon)
rCold    . . .     Gourm    .   (no shield)
rNeg     + . .     Faith    .   (armour unavailable)
rPois    .         Spirit   .   (helmet restricted)
rElec    .         Reflect  .   (no cloak)
rCorr    .         Harm     .   (no gloves)
MR       .....                  (no boots)
Stlth    ++........             (no amulet)
HPRegen  0.09/turn              a - ring of positive energy
MPRegen  0.10/turn              (no ring)

@: lethally poisoned (0 -> -4)
A: unfitting armour, cold-blooded, AC +5
a: no special abilities


You were on level 2 of the Dungeon.
You were not hungry.

You visited 1 branch of the dungeon, and saw 2 of its levels.

You collected 90 gold pieces.

Inventory:

Jewellery
 a - a ring of positive energy (left hand)
Scrolls
 c - a scroll of immolation {unknown}
 f - 2 scrolls of remove curse {unknown}
 h - 2 scrolls of identify {unknown}
Potions
 d - a potion of mutation {unknown}
 g - a potion of berserk rage {unknown}
Comestibles
 b - 2 rations
 i - 4 chunks of flesh


   Skills:
 + Level 1.1 Fighting
 + Level 2.1 Dodging
 + Level 2.2 Stealth
 + Level 2.2 Spellcasting
 + Level 4.2 Conjurations


You had 5 spell levels left.
You knew the following spells:

 Your Spells              Type           Power        Failure   Level  Hunger
a - Magic Dart            Conj           ##..         4%          1    ##.....

Your spell library contained the following spells:

 Spells                   Type           Power        Failure   Level  Hunger
 Searing Ray              Conj           ##....       7%          2    ###....
 Dazzling Flash           Conj/Hex       #.....       30%         3    ####...
 Fulminant Prism          Conj/Hex       #.........   71%         4    #####..
 Iskenderun's Mystic Bla  Conj/Tloc      #.......     71%         4    #####..


Dungeon Overview and Level Annotations

Branches:
Dungeon (2/15)

Altars:


Innate Abilities, Weirdness & Mutations

Your plain brown scales are hard. (AC +5)
You cannot fit into any form of body armour.
You are cold-blooded and may be slowed by cold attacks.


Message History

The worker ant is almost dead.
The worker ant closely misses you.
You hit the worker ant.
The worker ant is almost dead.
The worker ant bites you.
* * * LOW HITPOINT WARNING * * *
You are poisoned.
The worker ant poisons you! The worker ant barely misses you.
You hit the worker ant but do no damage.
You tail-slap the worker ant, but do no damage.
The worker ant is almost dead.
You feel sick. The worker ant barely misses you.
You closely miss the worker ant.
The worker ant is almost dead.
The worker ant bites you.
* * * LOW HITPOINT WARNING * * *
It was a potion of degeneration.
There was something very wrong with that liquid.
You feel weakened.
You feel dopey.
You feel clumsy.
You die...

################
#..............#
#..............#
#..............#
####..............#########
#>.'.....a@................
#.##..............#########
#. #..............# #.
################ #. .. ..
!.


You could see a worker ant.

Vanquished Creatures
  A dart slug (D:1)
  2 leopard geckos
  A giant cockroach (D:1)
  A goblin (D:2)
  2 hobgoblins (D:1)
  4 kobolds (D:1)
  A quokka (D:2)
  5 bats (D:1)
  2 frilled lizards (D:1)
  5 rats
24 creatures vanquished.

Notes
Turn   | Place    | Note
-------+----------+-------------------------------------------
     0 | D:1      | Ashen the Draconian Conjurer began the quest for the Orb.
     0 | D:1      | Reached XP level 1. HP: 14/14 MP: 3/3
   276 | D:1      | Reached XP level 2. HP: 22/22 MP: 3/5
   602 | D:1      | Reached skill level 1 in Fighting
  1066 | D:2      | Reached XP level 3. HP: 28/28 MP: 2/6
  1182 | D:2      | HP: 1/28 [worker ant (6)]
  1183 | D:2      | Succumbed to a worker ant's poison

Illustrated notes

Levels and vault maps discovered:
D:1:      dpeg_arrival_rooms_b, layout_rooms, minmay_three_crescents
D:2:      layout_basic, led_sif_pool

Skill      XL: |  1  2 |
---------------+-------+-----
Stealth        | 2 |  2.2
Dodging        | 2 |  2.1
Fighting       | 1 |  1.1
Spellcasting   | |  2.2
Conjurations   | |  4.2

Action                   || total
-------------------------++-------
Melee: Unarmed           ||    79
       Tailslap          ||     8
 Cast: Magic Dart        ||    48
  Use: Potion            ||     3
  Eat: Chunk             ||     2
Armor: Skin              ||    38
Dodge: Dodged            ||    73
